 Dungeon Crawl Stone Soup version 0.29.0-13-gc9e81de378 (webtiles) character file.

Game seed: 11377283952380135380

3700 sentinel the Thrower (level 10, -3/84 HPs)
             Began as a Meteoran Earth Elementalist on Sept 10, 2022.
             Was a Follower of Cheibriados.
             Slain by a yak (15 damage)
             ... on level 11 of the Dungeon.
             The game lasted 00:13:34 (1307 turns).

sentinel the Thrower (Meteoran Earth Elementalist)  Turns: 1307, Time: 00:13:35

Health: -3/84      AC:  5    Str: 13    XL:     10   Next: 61%
Magic:  23/23      EV: 12    Int: 30    God:    Cheibriados [*.....]
Gold:   0          SH:  0    Dex: 20    Spells: 17/25 levels left

rFire   + . .      SeeInvis .   (no weapon)
rCold   . . .      Faith    .   (no shield)
rNeg    . . .      Spirit   .   q - +0 troll leather armour
rPois   .          Reflect  .   p - +0 helmet
rElec   .          Harm     .   (no cloak)
rCorr   .          Rampage  .   (no gloves)
Will    ++...                   (no boots)
Stlth   +.........              u - amulet of the acrobat
HPRegen 1.04/turn               t - ring of protection from fire
MPRegen 0.18/turn               d - ring "Myimoub" {Will+ Int+6 Dex+2 Slay+4}

@: glowing, very slow
A: sense surroundings 2, otherworldly, glowing, explore regen
a: Renounce Religion, Bend Time


You were on level 11 of the Dungeon.
You worshipped Cheibriados.
Cheibriados was aware of your devotion.
You visited 2 branches of the dungeon, and saw 13 of its levels.

Inventory:

Hand Weapons
 m - a +4 vorpal flail
Missiles
 j - 7 boomerangs
Armour
 a - a +0 robe
 l - a +1 leather armour of poison resistance
 p - a +0 helmet (worn)
 q - a +0 troll leather armour (worn)
Jewellery
 d - the ring "Myimoub" (right hand) {Will+ Int+6 Dex+2 Slay+4}
   (You found it on level 5 of the Dungeon)

   [ring of intelligence]

   Int:       It affects your intelligence (+6).
   Dex:       It affects your dexterity (+2).
   Slay:      It affects your accuracy & damage with ranged weapons and melee
   (+4).
   Will:      It increases your willpower.
 i - a ring of see invisible
 o - a ring of willpower
 t - a ring of protection from fire (left hand)
 u - an amulet of the acrobat (around neck)
Wands
 s - a wand of polymorph (4)
 A - a wand of quicksilver (3)
 V - a wand of flame (11)
Scrolls
 f - a scroll of fog
 g - 6 scrolls of amnesia
 r - a scroll of acquirement
 w - a scroll of enchant weapon {unknown}
 z - a scroll of blinking
Potions
 b - a potion of magic
 c - a potion of resistance {unknown}
 e - a potion of ambrosia {unknown}
 h - a potion of berserk rage {unknown}
 k - a potion of heal wounds {unknown}
 n - a potion of curing {unknown}


   Skills:
 + Level 6.8 Fighting
 - Level 8.0 Throwing
 - Level 2.4 Dodging
 - Level 1.4 Stealth
 - Level 8.0 Spellcasting
 - Level 5.0 Conjurations
 - Level 5.0 Translocations
 - Level 1.2 Transmutations
 - Level 6.5 Earth Magic
 - Level 5.0 Evocations


You had 17 spell levels left.
You knew the following spells:

 Your Spells              Type           Power      Damage    Failure   Level
a - Sandblast             Erth           100%       2d20      1%          1
b - Stone Arrow           Conj/Erth      92%        3d12      1%          3
c - Passwall              Tmut/Erth      29%        N/A       1%          2
d - Blink                 Tloc           84%        N/A       1%          2

Your spell library contained the following spells:

 Spells                   Type           Power      Damage    Failure   Level
 Lesser Beckoning         Tloc           42%        N/A       1%          3
 Petrify                  Tmut/Erth      35%        N/A       11%         4
 Manifold Assault         Tloc           42%        N/A       19%         5


Dungeon Overview and Level Annotations

Branches:
Dungeon (12/15) Zot: 9004  Temple (1/1) D:6 Zot: 811
   Lair: D:8-11         Orc: D:9-12

Altars:
Ashenzari
Cheibriados
Elyvilon
Fedhas
Gozag
Hepliaklqana
Kikubaaqudgha
Nemelex Xobeh
Okawaru
Qazlal
Ru
Yredelemnul

Shops:
D:1 [

Annotations:
D:5 1 runed translucent door, funkygono's ghost, novice GrFE


Innate Abilities, Weirdness & Mutations

You passively map the area around you.
You are easily found by Zot.
You glow in the dark.
You regain HP and MP as you explore.


Message History

Press: ? - help, Shift-Dir - straight line, f/p - yak
Aim: a yak (moderately wounded, 85% to hit)
The stone arrow hits the yak!!
The yak is severely wounded.
Casting: Stone Arrow (safe; 1% risk of failure)
Confirm with . or Enter, or press ? or * to list all spells.
Aiming: Stone Arrow (safe; 1% risk of failure)
Press: ? - help, Shift-Dir - straight line, f/p - yak
Aim: a yak (severely wounded, 85% to hit)
The stone arrow hits the yak!
You kill the yak!
Cheibriados appreciates the change of pace.
The killer bee stings you.
A yak comes into view.
Training target 8.0 for Spellcasting reached!
Your Spellcasting skill increases to level 8!
You need to enable at least one skill for training.
Okay, then.
The blast of sand hits the killer bee!
The killer bee is almost dead.
The yak bellows!
You hear an angry buzzing noise.
The killer bee stings you!
You are poisoned.
The killer bee poisons you! The killer bee closely misses you.
The killer bee stings you but does no damage.
The blast of sand hits the killer bee!
You kill the killer bee!
Cheibriados thoroughly appreciates the change of pace.
You feel very sick.
A yak comes into view.
Casting: Sandblast (safe; 1% risk of failure)
Confirm with . or Enter, or press ? or * to list all spells.
Aiming: Stone Arrow (safe; 1% risk of failure)
Press: ? - help, Shift-Dir - straight line, f - yak
Aim: a yak (85% to hit)
The stone arrow hits the yak!!
The yak is severely wounded.
You feel sick.
A yak comes into view.
Casting: Stone Arrow (safe; 1% risk of failure)
Confirm with . or Enter, or press ? or * to list all spells.
Aiming: Stone Arrow (safe; 1% risk of failure)
Press: ? - help, Shift-Dir - straight line, f/p - yak
Aim: a yak (severely wounded, 85% to hit)
The stone arrow misses the yak.
You feel sick.
Casting: Stone Arrow (safe; 1% risk of failure)
Confirm with . or Enter, or press ? or * to list all spells.
Aiming: Stone Arrow (safe; 1% risk of failure)
Press: ? - help, Shift-Dir - straight line, f/p - yak
Aim: a yak (severely wounded, 85% to hit)
The stone arrow hits the yak!
The yak is almost dead.
You feel sick. The yak closely misses you.
Unknown command.
Casting: Stone Arrow (safe; 1% risk of failure)
Confirm with . or Enter, or press ? or * to list all spells.
Aiming: Stone Arrow (safe; 1% risk of failure)
Press: ? - help, Shift-Dir - straight line, f/p - yak
Aim: a yak (almost dead, 85% to hit)
The stone arrow hits the yak!
You kill the yak!
Cheibriados appreciates the change of pace.
You feel sick.
Your Fighting skill increases to level 6!
You feel sick.
You see here a wand of quicksilver (6).
A - a wand of quicksilver (6)
You feel sick.
Aiming: Iceblast
Press: ? - help, Shift-Dir - straight line, f - yak
Aim: a yak The mass of ice explodes!
The iceblast engulfs the yak!
The yak is moderately wounded.
The iceblast engulfs the yak.
The yak is lightly wounded.
You feel sick.
You hear a shout!
You hear a horrible gurgling sound!
You hear an angry buzzing noise. x5; You hear a shout!
Okay, then.
Throw: 7 boomerangs
Press: ? - help, Shift-Dir - straight line, f/p - yak
Aim: a yak (moderately wounded, 80% to hit)
Okay, then.
The blast of sand hits the yak!!
The yak is severely wounded.
You feel sick. The yak gores you!
A kobold demonologist comes into view. It is wielding a +0 dagger.
The yak closely misses you. x2
Okay, then.
Aiming: Quicksilver Bolt
Press: ? - help, Shift-Dir - straight line, f - kobold demonologist, p - yak
Aim: a kobold demonologist, wielding a +0 dagger and wearing a +0 robe (64% to hit)
The bolt of dispelling energy hits the kobold demonologist!!
The kobold demonologist is heavily wounded.
The yak gores you. x2
The kobold demonologist casts a spell.
Aiming: Quicksilver Bolt
Press: ? - help, Shift-Dir - straight line, f/p - kobold demonologist
Aim: a kobold demonologist, wielding a +0 dagger and wearing a +0 robe (heavily wounded, 64% to hit)
The bolt of dispelling energy misses the kobold demonologist.
You feel sick.
You are no longer poisoned.
A green ugly thing comes into view.
The yak gores you. The yak gores you!
Aiming: Quicksilver Bolt
Press: ? - help, Shift-Dir - straight line, f/p - kobold demonologist
Aim: a kobold demonologist, wielding a +0 dagger and wearing a +0 robe (heavily wounded, 64% to hit)
The bolt of dispelling energy misses the kobold demonologist.
The yak gores you. x2
The kobold demonologist begins to cast a cantrip, but forgets the words!
Aiming: Iceblast
Press: ? - help, Shift-Dir - straight line, f/p - kobold demonologist
Aim: a kobold demonologist, wielding a +0 dagger and wearing a +0 robe (heavily wounded)
The mass of ice explodes!
The iceblast engulfs the kobold demonologist!
The kobold demonologist is almost dead.
The iceblast engulfs the ice devil!
The ice devil partially resists.
The ice devil is lightly wounded.
The yak gores you! The yak gores you but does no damage.
Aiming: Iceblast
Press: ? - help, Shift-Dir - straight line, f/p - kobold demonologist
Aim: a kobold demonologist, wielding a +0 dagger and wearing a +0 robe (almost dead)
The mass of ice explodes!
The iceblast engulfs the kobold demonologist!
You kill the kobold demonologist!
Cheibriados appreciates the change of pace.
The ice devil disappears in a puff of smoke!
The now-empty wand crumbles to dust.
You hear an angry buzzing noise. x2
The yak gores you but does no damage. The yak gores you!
Okay, then.
Magic courses through your body. The yak barely misses you. The yak gores you!
* * * LOW HITPOINT WARNING * * *
Casting: Sandblast (safe; 1% risk of failure)
Confirm with . or Enter, or press ? or * to list all spells.
Aiming: Stone Arrow (safe; 1% risk of failure)
Press: ? - help, Shift-Dir - straight line, f - yak
Aim: a yak (severely wounded, 85% to hit)
Okay, then.
Okay, then.
Okay, then.
This is a scroll of acquirement!
As you read the scroll labelled HEKKOU VOPUSOM, it crumbles to dust.
Your body is wracked with pain!
* * * LOW HITPOINT WARNING * * *
The yak convulses!
The green ugly thing convulses!
The yak convulses!
It was a scroll of torment.
A green ugly thing comes into view.
The yak gores you but does no damage. The yak gores you!
You die...

* * * , *, , ####...# , *
......# , , , * , .....#
,* * * ,....# * * , #...#
, Y, #...####### ,
..####.u........ ,
.......Y@...)... , ,,
.u...†.Y........ ,
..........###### , ,
..........# , ,
..,*######....# ,...
#....#####* , ,
.$.#######.............#
,
.......................#
,.......................#


You could see 2 ugly things and 2 yaks.

Vanquished Creatures
  A manticore (D:11)
  Maggie (D:7)
  A kobold demonologist (D:11)
  A troll (D:7)
  5 yaks
  A wyvern (D:10)
  3 vampire mosquitoes (D:11)
  Edmund (D:6)
  A water moccasin (D:6)
  An ogre (D:5)
  A centaur (D:7)
  A phantom (D:6)
  3 bullfrogs
  A scorpion (D:4)
  5 killer bees
  2 howler monkeys (D:7)
  3 orc priests
  A hound (D:6)
  An iguana (D:5)
  4 orc wizards
  3 gnolls (D:6)
  4 adders
  A shadow imp (D:7)
  2 white imps
  2 ufetubi
  9 orcs
  4 endoplasms
  A giant cockroach (D:1)
  3 goblins
  4 hobgoblins
  2 jackals (D:1)
  A quokka (D:2)
  4 ball pythons
  2 bats
  A kobold (D:2)
  6 rats
87 creatures vanquished.

Vanquished Creatures (others)
  4 fungi (D:7)
  A plant (D:5)
5 creatures vanquished.

Grand Total: 92 creatures vanquished

Notes
Turn   | Place    | Note
-------+----------+-------------------------------------------
     0 | D:1      | sentinel the Meteoran Earth Elementalist began the quest
                  | for the Orb.
     0 | D:1      | Reached XP level 1. HP: 14/14 MP: 5/5
    40 | D:1      | Found Ynkith's Armour Shop.
    92 | D:1      | Reached XP level 2. HP: 20/20 MP: 2/6
   100 | D:1      | Learned a level 2 spell: Passwall
   103 | D:1      | Learned a level 2 spell: Blink
   260 | D:1      | Reached XP level 3. HP: 25/26 MP: 6/8
   274 | D:1      | Learned a level 3 spell: Stone Arrow
   380 | D:2      | You fall into a shaft and drop 2 floors!
   388 | D:4      | Reached skill level 1 in Conjurations
   435 | D:4      | Reached XP level 4. HP: 33/33 MP: 4/9
   470 | D:5      | Entered Level 5 of the Dungeon
   486 | D:4      | Noticed a scorpion
   491 | D:4      | Killed a scorpion
   492 | D:4      | Reached XP level 5. HP: 9/38 MP: 2/11
   498 | D:5      | HP: 1/38 [poisoned by a scorpion]
   502 | D:5      | Found a runed translucent door.
   508 | D:5      | Reached skill level 5 in Earth Magic
   509 | D:5      | Noticed funkygono's ghost (novice GrFE)
   540 | D:5      | Identified the ring "Myimoub" {Will+ Int+6 Dex+2 Slay+4}
   549 | D:5      | Noticed an ogre
   552 | D:5      | Killed an ogre
   553 | D:5      | Reached XP level 6. HP: 45/45 MP: 5/13
   573 | D:6      | Noticed a water moccasin
   577 | D:6      | Killed a water moccasin
   578 | D:6      | Reached XP level 7. HP: 50/50 MP: 2/14
   587 | D:6      | Reached skill level 5 in Conjurations
   588 | D:6      | Reached skill level 5 in Spellcasting
   619 | D:6      | Noticed Edmund
   626 | D:6      | Killed Edmund
   686 | D:6      | Reached XP level 8. HP: 57/58 MP: 11/17
   687 | D:6      | Reached skill level 1 in Fighting
   687 | D:6      | Reached skill level 1 in Evocations
   723 | D:6      | Found a staircase to the Ecumenical Temple.
   738 | Temple   | Entered the Ecumenical Temple
   772 | Temple   | Became a worshipper of Cheibriados the Contemplative
   944 | D:7      | Reached skill level 1 in Throwing
   948 | D:7      | Noticed a troll
   951 | D:7      | Killed a troll
   952 | D:7      | Reached skill level 5 in Evocations
   952 | D:7      | Gained mutation: You passively map the area around you.
                  | [Meteoran growth]
   952 | D:7      | Reached XP level 9. HP: 46/73 MP: 9/18
   961 | D:7      | Reached * piety under Cheibriados
   962 | D:7      | Reached skill level 5 in Fighting
  1079 | D:7      | Noticed Maggie
  1084 | D:7      | Killed Maggie
  1111 | D:9      | Reached skill level 5 in Throwing
  1129 | D:10     | Entered Level 10 of the Dungeon
  1152 | D:10     | Reached skill level 5 in Translocations
  1166 | D:10     | Reached XP level 10. HP: 64/81 MP: 2/19
  1171 | D:10     | Noticed a kobold demonologist
  1172 | D:10     | Noticed a smoke demon
  1177 | D:10     | Noticed a smoke demon
  1179 | D:10     | Noticed an orange demon
  1210 | D:11     | Noticed a manticore
  1215 | D:11     | Killed a manticore
  1300 | D:11     | Noticed a kobold demonologist
  1302 | D:11     | Noticed an ice devil
  1302 | D:11     | Noticed a green ugly thing
  1305 | D:11     | Killed a kobold demonologist
  1307 | D:11     | Identified a scroll of acquirement
  1307 | D:11     | Noticed a green ugly thing
  1307 | D:11     | Slain by a yak

Illustrated notes

Levels and vault maps discovered:
D:1:      spicycebolla_arrival_ecumenical, layout_loops_ring, serial_shops,
          shop, nicolae_concentric_dashed_squares_mild, grunt_decor_one_mirror
D:2:      layout_rooms, minmay_misc_feat_square, corexii_hall_statues_u,
          kennysheep_nub, uniq_natasha
D:3:      layout_basic, xom_confusion_cloud, serial_corexii_hall,
          corexii_hall_statues_x, chequers_hall_statues_corner_a,
          chequers_hall_statues_y, chequers_hall_statues_y,
          corexii_hall_statues_l, corexii_hall_statues_l, interstate_on_off
D:4:      layout_loops_cross, mainiacjoe_overflow_small_starburst,
          vehumet_altar_wand_db, chequers_serial_rivers_micro_d
D:5:      layout_loops_corners, ebering_ghost_reflecting_pool,
          serial_bayou_pond_d
D:6:      layout_rooms, minmay_temple_entry_statues, serial_park_tiny_1,
          roderic_serpentine_path, uniq_edmund
D:7:      layout_loops_ring, uniq_crazy_yiuf_cottage, uniq_maggie
D:8:      layout_loops_ring, minmay_overflow_temple_star_hex,
          nicolae_tso_besieged_by_evil, serial_co_window_serial,
          co_window_of_opportunity_a, co_window_paths_a, co_window_cross_1,
          co_window_paths_b, co_window_paths_a, co_window_corner_a,
          co_window_corner_a, co_window_corner_a, co_window_corner_a,
          co_window_corner_cb, co_window_cross_4, co_window_unsneaky_path_d,
          co_window_of_opportunity_c, glass_columns_b, glass_columns_a,
          glass_columns_c, glass_columns_a
D:9:      layout_basic, david_orc_2, gammafunk_ghost_arena
D:10:     layout_irregular_city, mainiacjoe_overflow_alcove_1,
          minmay_lair_entry_lava, gammafunk_ghost_arena, enter_bailey_2,
          chequers_serial_rivers_room_a, uniq_snorg
D:11:     layout_small_grid, minivault_7
D:12:     layout_cross
Temple:   nicolae_temple_godzebo

Skill      XL: |  1  2  3  4  5  6  7  8  9 10 |
---------------+-------------------------------+-----
Earth Magic    | 4 5 6 |  6.5
Spellcasting   | 3 4 5 8 |  8.0
Conjurations   | 1 2 4 5 |  5.0
Fighting       | 4 5 6 |  6.8
Evocations     | 5 |  5.0
Throwing       | 3 6 8 |  8.0
Translocations | 5 |  5.0
Dodging        | |  2.4
Stealth        | |  1.4
Transmutations | |  1.2

Action                   |  1- 3 |  4- 6 |  7- 9 | 10-12 || total
-------------------------+-------+-------+-------+-------++-------
 Cast: Sandblast         |    38 |     8 |    30 |     9 ||    85
       Passwall          |     3 |       |     5 |       ||     8
       Stone Arrow       |       |     8 |    30 |    19 ||    57
Evoke: Wand              |       |       |     1 |     6 ||     7
  Use: Scroll            |     2 |     2 |     7 |     2 ||    13
       Potion            |       |       |       |     1 ||     1
Armor: Robe              |     2 |     2 |     1 |       ||     5
       Leather armour    |       |       |     4 |       ||     4
       Troll leather arm |       |       |       |    10 ||    10
Dodge: Dodged            |    11 |     5 |    20 |    19 ||    55
